← All builds
Tech / Armada / Economy first / OBSERVED BUILD

Standard tech

Armada Tech (Eco) build order · Supreme Isthmus

Rushes T2 by 4:15, gets Advanced Metal Extractor around 5:28, hands off T2 constructors to Geo and the team, then scales eco and supplies the team's T2 needs through the rest of the game.

Usually first T2 con to Geo (83%)

#eco #t2 #team support · 1574 distinct matches · 255 players · 58% of Armada Tech games · team won 53% of 1868 · Recently observed

HOW TO PLAY IT

Key timing: T2 factory by 4:15

  1. Open 3 mex and heavy wind to fund a fast T2 rush.
  2. Put down Bot Lab, planning to eat it for reclaim soon after.
  3. Get Advanced Bot Lab up, hitting the T2 factory rush timing.
  4. Upgrade mex to Advanced Metal Extractor to lock in team metal income.
  5. Eat Advanced Bot Lab and keep sending cons to Geo and Pond.

Phase by phase

TYPICAL OF ITS 1574 GAMES
  1. 1
  2. 2
  3. 3
  4. 4
PLAY THE OPENING

Follow the example game's first 6:00 step by step: what to build now, what comes next, and where it goes. At 1× it keeps pace with your own game.

  1. 1

    Up to the Bot Lab

    Economy
    • Metal Extractor3Mex
    • Wind Turbine4Wind
    Order
    1. Bot LabBot Lab after 3 mex, 4 winddone ~1:18, middle half 1:13–1:32

    Some games also: energy storage (31%)

    By 1:01 in all: 3 mex · 4 wind

    The example game in this phase · 4 steps
    1. Mex ×3
    2. Wind ×8
    3. Energy storage
    4. Bot LabBot Labdone 1:56 · typical 1:18
  2. 2

    Bot Lab to Advanced Bot Lab

    Economy
    • Metal Extractor1Mex
    • Wind Turbine8Wind
    • Energy Storage1Energy storage
    Order
    1. Advanced Bot LabAdvanced Bot Lab after 4 mex, 12 wind, 3 con turretdone ~4:16, middle half 4:04–4:30
    Builders
    • Construction Turret3 Con turret
    • Lazarus3 Lazarus
    • Construction Bot2 Con bot
    • Construction Bot1 Con bot for allies

    Some games also: converter (36%)

    By 3:18 in all: 4 mex · 12 wind · 1 energy storage · 3 con turret

    The example game in this phase · 16 steps
    1. Construction BotCon bot
    2. Construction BotCon botfor Air
    3. Construction BotCon bot
    4. LazarusLazarus
    5. Con turret
    6. LazarusLazarus
    7. Construction BotCon bot
    8. Mex
    9. LazarusLazarus
    10. Con turret
    11. Wind ×2
    12. Con turret
    13. Wind ×5
    14. Bot LabEat Bot Labreclaimed for its metal
    15. Wind ×8
    16. Advanced Bot LabAdvanced Bot Labdone 4:21 · typical 4:16
  3. 3

    Advanced Bot Lab to 5:00

    Economy
    • Wind Turbine3Wind
    Order
    1. Bot LabEat Bot Lab
    Builders
    • Advanced Construction Bot1 T2 con bot for allies

    Some games also: converter (35%)

    By 5:00 in all: 4 mex · 15 wind · 1 converter · 1 energy storage · 3 con turret

    The example game in this phase · 2 steps
    1. Advanced Construction BotT2 con bot ×2for Geo
    2. ButlerButlerfor Pond
  4. 4

    5:00 to 10:00

    Economy
    • Wind Turbine43Wind
    • Energy Converter6Converter
    Builders
    • Butler9 Butler
    • Advanced Construction Bot4 T2 con bot for allies
    • Advanced Construction Bot1 T2 con bot

    Some games also: con turret (43%) · Butler for allies (37%)

    By 10:00 in all: 4 mex · 58 wind · 8 converter · 1 energy storage · 3 con turret

    The example game in this phase · 85 steps
    1. SharpshooterSniper bot ×3for Ponddone 6:11
    2. Advanced Construction BotT2 con botfor Geo sea
    3. Advanced Metal ExtractorT2 mex ×4done 8:34 · typical 5:29
    4. ButlerButler ×4for Geo sea
    5. Advanced Construction BotT2 con botfor Pond
    6. ButlerButler ×2for Pond
    7. ButlerButler ×6
    8. Wind
    9. ButlerButler
    10. Wind ×2
    11. ButlerButler ×2
    12. Wind ×4
    13. Converter
    14. ButlerButler
    15. Wind ×3
    16. Converter
    17. Wind ×3
    18. Converter
    19. ButlerButler
    20. Advanced Construction BotT2 con botfor Air
    21. Wind ×3
    22. Converter
    23. Wind ×3
    24. Advanced Construction BotT2 con bot
    25. Converter
    26. Wind ×3
    27. Converter
    28. Wind ×3
    29. Converter
    30. Wind ×3
    31. Converter
    32. Wind ×3
    33. Converter
    34. Wind ×3
    35. Converter
    36. Wind ×2
    37. CitadelAnti-nukedone 14:27
    38. Wind ×3
    39. Converter
    40. Wind ×4
    41. Converter
    42. Wind ×4
    43. Converter
    44. Wind ×4
    45. Converter
    46. Wind ×2
    47. Advanced Bot LabEat Advanced Bot Labreclaimed for its metal
    48. Wind
    49. Converter
    50. Wind ×5
    51. Converter
    52. Wind ×4
    53. Converter
    54. Wind ×4
    55. Converter
    56. Wind ×4
    57. Converter
    58. Wind ×4
    59. Converter
    60. Wind ×4
    61. Converter
    62. Wind ×4
    63. Converter
    64. Wind ×4
    65. Converter
    66. Wind ×8
    67. Converter
    68. Wind ×3
    69. TracerTracer
    70. Wind
    71. Con turret
    72. Wind
    73. Converter
    74. Wind ×4
    75. Converter
    76. Con turret
    77. Wind ×3
    78. Converter
    79. Wind ×5
    80. Converter
    81. Wind
    82. Con turret
    83. Wind ×2
    84. Fusion ReactorFusionnot finished by 15:00
    85. Converter

Counts are medians over the build's games: half of them build more, half fewer. The example game is _X_'s (58 OS, 29/08/2026); pick another.

Team trades

IN AT LEAST 30% OF ITS GAMES

You hand over

  • Construction Bot1 Con bot to Airfirst at 2:24 · in 84% of games
  • Advanced Construction Bot5 T2 con bot to Air or Geo sea or Pondfirst at 4:50 · in 99% of games
  • Butler2 Butler to Geo sea or Beach sea or Pondfirst at 9:07 · in 42% of games

You get

  • Hercules1 Light transport from Airfirst at 4:01 · in 86% of games

How it plays out

Typical game of this build, running totals by minute

Metal produced

020k40k
0:005:0010:0015:00

metal

Enemy metal destroyed

050100
0:005:0010:0015:00

metal

Own metal lost

050100150
0:005:0010:0015:00

metal

1868 games.

Show as table
ByMetal produced: This buildEnemy metal destroyed: This buildOwn metal lost: This build
1:0038300
2:0091500
3:00165100
4:00314300
5:00484800
6:00580000
7:00722700
8:00906100
9:001116900
10:001350200
11:001623900
12:001965200
13:002344100
14:0027357074
15:003153885130
WHAT THE NUMBERS SAY

Standard Tech play barely fights at all early, instead pouring metal into T2 infrastructure and constructors for the team.

  • + Metal produced hits 31679 by 15:00, by far the highest of any role here.
  • + T2 factory reached in 97% of games by 4:15, fastest and most reliable T2 timing.
  • − Enemy metal destroyed stays at 0 through 10:00, no early offense at all.
  • − Own metal lost also near 0, showing total avoidance of combat risk.
THE EXAMPLE YOU ARE READING

_X_

58.3 OS · 29/08/2026

Open source match ↗

3 received units
4180 metal received · 110110 energy received

Allied construction assistance is unknown. Timings are observations, not a promise of solo reproducibility.

Typical milestones

Bot Lab1:18Middle 50%: 1:13–1:32 · n=1868
Advanced Bot Lab4:16Middle 50%: 4:04–4:30 · n=1861
Advanced Metal Extractor5:29Middle 50%: 5:06–5:59 · n=1864

Played most by

Amrissa93games of this buildTheGeneraI66games of this buildAdeus57games of this buildEl_Turco56games of this buildKOT_43games of this build